 Dungeon Crawl Stone Soup version 0.27-a0-869-g165b36e3f0 (webtiles) character file.

Game seed: 4227837864265608448

471 polve the Slasher (level 6, 0/47 HPs)
             Began as a Demonspawn Abyssal Knight on Apr 1, 2021.
             Was a Follower of Lugonu.
             Slain by a water moccasin zombie (7 damage)
             ... on level 5 of the Dungeon on Apr 2, 2021.
             The game lasted 00:03:20 (4595 turns).

polve the Slasher (Demonspawn Abyssal Knight)       Turns: 4595, Time: 00:03:20

Health: 0/47       AC: 11    Str: 13    XL:     6   Next: 83%
Magic:  7/7        EV: 11    Int: 15    God:    Lugonu [*.....]
Gold:   174        SH:  0    Dex: 12    Spells: 5/5 levels left

rFire    + . .     SeeInvis .   (no weapon)
rCold    . . .     Faith    .   (no shield)
rNeg     . . .     Spirit   .   k - +2 leather armour {Will+}
rPois    .         Reflect  .   l - +0 helmet
rElec    .         Harm     .   f - +0 cloak
rCorr    .         Rampage  .   n - +0 pair of gloves
Will     +....                  (no boots)
Stlth    +.........             (no amulet)
HPRegen  0.15/turn              c - ring of protection from fire
MPRegen  0.10/turn              (no ring)

@: no status effects
A: molten scales 2, demonic guardian 1, powered by pain 1
a: Renounce Religion, Depart the Abyss


You were on level 5 of the Dungeon.
You worshipped Lugonu.
Lugonu was aware of your devotion.
You visited 1 branch of the dungeon, and saw 5 of its levels.
You visited the Abyss 1 time.

You collected 174 gold pieces.

Inventory:

Hand Weapons
 a - a +1 falchion
Armour
 f - a +0 cloak (worn)
 k - a +2 leather armour of willpower (worn)
 l - a +0 helmet (worn)
 n - a +0 pair of gloves (worn)
Jewellery
 c - a ring of protection from fire (left hand)
Scrolls
 d - 2 scrolls of teleportation {unknown}
 e - a scroll of magic mapping {unknown}
 h - 3 scrolls of identify {unknown}
 j - 2 scrolls of amnesia {unknown}
 m - a scroll of noise {unknown}
 o - a scroll of silence {unknown}
Potions
 b - a potion of heal wounds {unknown}
 g - 4 potions of haste {unknown}
 i - 4 potions of attraction {unknown}
 p - a potion of berserk rage {unknown}


   Skills:
 - Level 3.0 Fighting
 + Level 6.8 Long Blades
 - Level 1.7 Armour
 - Level 0.8 Dodging
 - Level 2.4 Invocations


You had 5 spell levels left.
You didn't know any spells.
Your spell library contained the following spells:

 Spells                   Type           Power      Damage    Failure   Level
 Animate Skeleton         Necr           0%         N/A       34%         1
 Apportation              Tloc           0%         N/A       34%         1
 Corona                   Hex            0%         N/A       34%         1
 Summon Small Mammal      Summ           0%         N/A       34%         1


Dungeon Overview and Level Annotations

Branches:
Dungeon (5/15)
 Temple: D:4-7

Altars:
Ashenzari
Gozag
Xom
Zin
The Shining One


Innate Abilities, Weirdness & Mutations

You are mostly covered in molten scales. (AC +3)
A weak demonic guardian rushes to your aid.
You sometimes gain a little power by taking damage.


Message History

The water moccasin zombie bites you. The water moccasin zombie bites you.
The water moccasin zombie bites you but does no damage.
The water moccasin zombie barely misses you.
The water moccasin zombie bites you but does no damage.
The water moccasin zombie bites you but does no damage.
The water moccasin zombie bites you but does no damage.
The water moccasin zombie closely misses you.
The water moccasin zombie bites you but does no damage.
The water moccasin zombie closely misses you.
The water moccasin zombie bites you but does no damage.
The water moccasin zombie bites you but does no damage.
The water moccasin zombie barely misses you.
The water moccasin zombie bites you.
The water moccasin zombie bites you but does no damage. x2
The water moccasin zombie bites you.
The water moccasin zombie closely misses you.
The water moccasin zombie bites you. The water moccasin zombie misses you.
The water moccasin zombie closely misses you.
The water moccasin zombie bites you. The water moccasin zombie bites you.
The water moccasin zombie bites you.
The water moccasin zombie closely misses you.
The water moccasin zombie bites you but does no damage.
The water moccasin zombie barely misses you.
The water moccasin zombie bites you but does no damage.
The water moccasin zombie bites you but does no damage.
The water moccasin zombie bites you.
* * * LOW HITPOINT WARNING * * *
A demonic guardian appears!
The water moccasin zombie barely misses you.
The water moccasin zombie bites you but does no damage.
The water moccasin zombie bites you.
* * * LOW HITPOINT WARNING * * *
A demonic guardian appears!
Your iron imp hits the water moccasin zombie!
The water moccasin zombie bites you but does no damage.
The water moccasin zombie bites you!
You die...

#....#.###.#.. #..........#.####
... #####......#...#..#.# ...
........)............ ##..
#######.##'#..#.#......# ...
#....##.##.####.#...####
#####.#.##....##.##.# #.#...#
....#.#.......'Z5...# #.#...####
#.)...#..#....##@#######.#.......
<.#...##.#....##.)...........####
.##...........##.5######.###.####
.....###......##..######.# #.....
####.###......##..#....#.########
#.......######..#.##.#.....<###
######.## #..#.##.#####..##. #.#
#..#.##........##. #.#
#..#.#########.##.


You could see a water moccasin zombie (ally target) and 2 friendly iron imps.

Vanquished Creatures
  A scorpion (D:5)
  A water moccasin skeleton (D:4)
  3 hounds (D:5)
  A centaur skeleton (D:5)
  An iguana (D:5)
  A killer bee zombie (D:5)
  A hound skeleton (D:4)
  5 adders
  An ufetubus (D:5)
  A worm (D:2)
  A dart slug (D:1)
  An orc (D:3)
  3 endoplasms
  2 giant cockroaches (D:1)
  4 goblins
  5 hobgoblins
  3 jackals (D:1)
  3 kobolds
  A quokka (D:2)
  A ball python (D:4)
  5 bats
  2 frilled lizards (D:1)
  4 rats
51 creatures vanquished.

Vanquished Creatures (collateral kills)
  A sky beast (D:4)
  An orc (D:5)
2 creatures vanquished.

Grand Total: 53 creatures vanquished

Notes
Turn   | Place    | Note
-------+----------+-------------------------------------------
     0 | Abyss:1  | polve the Demonspawn Abyssal Knight began the quest for the
                  | Orb.
     0 | Abyss:1  | Reached XP level 1. HP: 18/18 MP: 2/2
    87 | Abyss:1  | Noticed a ynoxinul
   107 | D:1      | Escaped the Abyss
   354 | D:1      | Reached skill level 2 in Long Blades
   473 | D:1      | Gained mutation: You are partially covered in molten
                  | scales. (AC +2) [demonic ancestry]
   473 | D:1      | Reached XP level 2. HP: 23/24 MP: 3/3
   775 | D:1      | Reached skill level 3 in Long Blades
  1544 | D:2      | Gained mutation: You sometimes gain a little power by
                  | taking damage. [demonic ancestry]
  1544 | D:2      | Reached XP level 3. HP: 28/29 MP: 4/4
  1659 | D:2      | Reached * piety under Lugonu
  1904 | D:2      | Found a broken altar of Ashenzari.
  2692 | D:3      | Gained mutation: You are mostly covered in molten scales.
                  | (AC +3) [demonic ancestry]
  2692 | D:3      | Reached XP level 4. HP: 34/35 MP: 5/5
  2695 | D:3      | Reached skill level 4 in Long Blades
  2713 | D:3      | You fall into a shaft and drop 1 floor!
  2936 | D:4      | Gained mutation: A weak demonic guardian rushes to your
                  | aid. [demonic ancestry]
  2936 | D:4      | Reached XP level 5. HP: 40/41 MP: 6/6
  2984 | D:4      | Noticed a sky beast
  3009 | D:4      | Killed a sky beast
  3010 | D:4      | Reached skill level 5 in Long Blades
  3465 | D:4      | Found a shimmering altar of Xom.
  3470 | D:4      | Found an opulent altar of Gozag.
  3583 | D:5      | Entered Level 5 of the Dungeon
  3617 | D:5      | Reached XP level 6. HP: 47/47 MP: 7/7
  3867 | D:5      | Reached skill level 6 in Long Blades
  4487 | D:5      | Upgraded the game from 0.27-a0-836-gfc908b8576 to
                  | 0.27-a0-869-g165b36e3f0
  4595 | D:5      | Slain by a water moccasin zombie

Illustrated notes

Levels and vault maps discovered:
D:1:      lightli_arrival_boilingwater, layout_basic, minivault_14,
          minmay_tree_intersection, st_stairs_12, tso_metal_star
D:2:      layout_basic, ashenzari_conservatory_becter
D:3:      layout_rooms, chequers_ecumenical_altar_island, minmay_crystal_water,
          uniq_ijyb
D:4:      layout_rooms, minitemple, hangedman_decor_push
D:5:      layout_basic, kennysheep_mini, small_statue_intersection

Skill      XL: |  1  2  3  4  5  6 |
---------------+-------------------+-----
Long Blades    | 2 3 4 5 6 |  6.8
Fighting       | |  3.0
Armour         | |  1.7
Dodging        | |  0.8
Invocations    | |  2.4

Action                   |  1- 3 |  4- 6 || total
-------------------------+-------+-------++-------
Melee: Falchion          |   118 |   145 ||   263
Invok: Depart the Abyss  |     1 |       ||     1
  Use: Potion            |       |     2 ||     2
Armor: Leather armour    |    53 |   107 ||   160
Dodge: Dodged            |    82 |   118 ||   200
       Rpst.: Falchion   |    27 |    25 ||    52

Table legend: (Time is in decaauts)
 A = Elapsed time spent in this place.
 B = Non-inter-level travel time spent in this place.
 C = Inter-level travel time spent in this place.
 D = Time resting spent in this place.
 E = Time spent auto-exploring this place.
 F = Levels seen in this place.
 G = Mean time per level.
                   A        B        C        D        E       F      G
               +--------+--------+--------+--------+--------+-----+--------+
         Total |   4619 |   4478 |    141 |      0 |   3833 |   6 |  769.8 |
       Dungeon |   4511 |   4370 |    141 |      0 |   3746 |   5 |  902.2 |
         Abyss |    107 |    107 |      0 |      0 |     87 |   1 |  107.0 |
               +--------+--------+--------+--------+--------+-----+--------+

Top non-repeatable levels by time:
     D:1: 1412 daAuts
     D:2: 1095 daAuts
     D:5: 1001 daAuts
     D:4: 886 daAuts
     D:3: 115 daAuts
 Abyss:1: 107 daAuts
